 Dungeon Crawl Stone Soup version 0.22.1-1-ga44c0e56f4 (webtiles) character file.

51 Kristenmann the Magician (level 3, 0/21 HPs)
             Began as an Octopode Wizard on Oct 10, 2018.
             Slain by a gnoll
             ... wielding a +3 spear
              (4 damage)
             ... on level 2 of the Dungeon.
             The game lasted 00:07:33 (1007 turns).

Kristenmann the Magician (Octopode Wizard)          Turns: 1007, Time: 00:07:34

Health: 0/21       AC:  1    Str:  6    XL:     3   Next: 81%
Magic:  4/8        EV: 13    Int: 21    God:
Gold:   37         SH:  0    Dex: 10    Spells: 8/9 levels left

rFire    . . .     SeeInvis .   e - +2 short sword (drain)
rCold    . . .     Gourm    .   (no shield)
rNeg     . . .     Faith    .   a - +0 hat
rPois    .         Spirit   .   (no amulet)
rElec    .         Reflect  .   (no ring)
rCorr    .         Harm     .   (no ring)
MR       .....                  (no ring)
Stlth    +++.......             (no ring)
HPRegen  0.07/turn              (no ring)
MPRegen  0.11/turn              (no ring)
                                (no ring)
                                (no ring)

@: no status effects
A: almost no armour, stealthy swim, amphibious, 8 rings, constrict 8, camouflage
1, gelatinous body 1
a: no special abilities


You were on level 2 of the Dungeon.
You were not hungry.

You visited 1 branch of the dungeon, and saw 2 of its levels.

You collected 37 gold pieces.

Inventory:

Hand Weapons
 e - a +2 short sword of draining (weapon)
Missiles
 b - 25 arrows
Armour
 a - a +0 hat (worn)
 g - a +0 cloak
Scrolls
 d - a scroll of immolation {unknown}
 f - a scroll of magic mapping {unknown}
 h - a scroll of amnesia {unknown}
 i - a scroll of fear {unknown}
 j - a scroll of teleportation {unknown}
 k - a scroll of identify
Potions
 l - a potion of heal wounds {unknown}
Comestibles
 c - 6 rations


   Skills:
 + Level 0.1 Fighting
 + Level 2.1 Dodging
 + Level 2.9 Stealth
 + Level 3.9 Spellcasting
 + Level 2.0 Conjurations
   Level 1.0 Summonings
   Level 1.0 Translocations


You had 8 spell levels left.
You knew the following spells:

 Your Spells              Type           Power        Failure   Level  Hunger
a - Magic Dart            Conj           ##..         5%          1    None

Your spell library contained the following spells:

 Spells                   Type           Power        Failure   Level  Hunger
 Blink                    Tloc           N/A          12%         2    #......
 Call Imp                 Summ           #.......     12%         2    #......
 Slow                     Hex            #.......     19%         2    #......
 Conjure Flame            Conj/Fire      #.......     24%         3    ###....
 Mephitic Cloud           Conj/Pois/Air  #.......     28%         3    ###....


Dungeon Overview and Level Annotations

Branches:
Dungeon (2/15)

Altars:


Innate Abilities, Weirdness & Mutations

You cannot wear most types of armour.
You are very stealthy in the water. (Stealth+)
You are amphibious.
You can wear up to eight rings at the same time.
You can use your tentacles to constrict eight enemies at once.
Your skin changes colour to match your surroundings (Stealth+).
Your rubbery body absorbs attacks. (AC +1, EV +1)


Message History

Confirm with . or Enter, or press ? or * to list all spells.
Aiming: Magic Dart (safe; 6% risk of failure)
Press: ? - help, Shift-Dir - straight line, f/p - gnoll
Aim: a gnoll, wielding an enchanted spear (heavily wounded)
The magic dart hits the gnoll.
The gnoll is lightly wounded.
You hit the gnoll. Your grab misses the gnoll.
The gnoll is moderately wounded.
The gnoll hits you with a club! The gnoll barely misses you.
You hit the gnoll. You drain the gnoll! You grab the gnoll.
The gnoll is severely wounded.
You constrict the gnoll, but do no damage.
The gnoll hits you from afar with an enchanted spear!
* * * LOW HITPOINT WARNING * * *
The gnoll hits you but does no damage.
You hit the gnoll.
You kill the gnoll!
Your Conjurations skill increases to level 2!
The gnoll hits you from afar with an enchanted spear.
You die...

###### #....# ### #....#
#..
..#########....#######..
..............[....†.g.g
.#####.###....##.####..
#.# #....##.# #.. #@#
#....##.# #.. #)#
#....##.# #.. #######g#
#....##.# #..
#.......#########g# #..
#...........# #.# ###
#...........# #.# ....
######.....g#####.#.....
......................
############....#.....


You could see a gnoll.

Vanquished Creatures
  A gnoll (D:2)
  3 worms (D:2)
  A dart slug (D:1)
  2 leopard geckos (D:1)
  3 bats (D:1)
  2 giant cockroaches (D:1)
  3 goblins
  3 hobgoblins (D:1)
  A kobold (D:1)
  3 frilled lizards (D:1)
  10 rats (D:1)
32 creatures vanquished.

Notes
Turn   | Place    | Note
-------+----------+-------------------------------------------
     0 | D:1      | Kristenmann the Octopode Wizard began the quest for the
                  | Orb.
     0 | D:1      | Reached XP level 1. HP: 11/11 MP: 4/4
   198 | D:1      | Reached XP level 2. HP: 17/17 MP: 0/6
   506 | D:1      | Reached XP level 3. HP: 20/21 MP: 1/8
  1007 | D:2      | Slain by a gnoll

Skill      XL: |  1  2  3 |
---------------+----------+-----
Conjurations   | 2 |  2.0
Fighting       | |  0.1
Dodging        | |  2.1
Stealth        | |  2.9
Spellcasting   | |  3.9
Summonings     | |  1.0
Translocations | |  1.0

Action                   || total
-------------------------++-------
Melee: Unarmed           ||     3
       Constrict         ||     8
       Tentacles         ||     4
       Short sword       ||    22
 Cast: Magic Dart        ||    76
  Use: Scroll            ||     1
Armor: Skin              ||     2
Dodge: Dodged            ||    13
